AoeStats
← Castriniti

Golden Pit

509553299Analyzed
1v1 RM · 6d ago on Sep 27, 2026· 28m 51s· 2 players
Game mode
Random Map
Map size
Tiny (2 player)
Population
200
Speed
Normal
Resources
Standard
Victory
Conquest
Starting age
Dark Age
Ending age
Imperial Age
RankedLock teamsTeams togetherTeam positionsShared explorationLock speedFull tech treeHidden civsTurbo modeCheats
Victory
Defeat
🇺🇸 Saxons · United States
760
+17
🇨🇴 Bulgarians · Colombia
773
-43
antipro247
13:24 Feudal Age
13:28 Man-at-Arms
14:05 Double-Bit Axe
15:33 Scale Mail Armor
17:07 Loom
17:34 Horse Collar
19:11 Forging
19:11 Arson
24:17 Wheelbarrow
26:26 Castle Age
26:52 Fletching
27:50 Bow Saw
27:41 Heavy Plow
28:11 Long Swordsman
28:51 Squires
29:40 Iron Casting
29:21 Chain Mail Armor
Castriniti
14:40 Feudal Age
17:34 Double-Bit Axe
27:17 Wheelbarrow
Connection lost

Rejoining the realm…

Still unreachable

The connection could not be restored.

Session expired

The server has moved on; the page needs a fresh start.